 Dungeon Crawl Stone Soup version 0.24-a0-244-ga6a6ab7 (webtiles) character file.

Game seed: 11997074513965037621

16860 Syader the Covert (level 12, 0/91 HPs)
             Began as a Demonspawn Gladiator on Apr 10, 2019.
             Was a Believer of Ashenzari.
             Engulfed by a cloud of freezing vapour (4 damage)
             ... in an ice cave on Apr 11, 2019.
             The game lasted 01:03:41 (15212 turns).

Syader the Covert (Demonspawn Gladiator)           Turns: 15212, Time: 01:03:42

Health: 0/91       AC: 13    Str: 19    XL:     12   Next: 13%
Magic:  26/26      EV: 17    Int: 10    God:    Ashenzari [**....]
Gold:   670        SH:  9    Dex: 19    Spells: 11/11 levels left

rFire    . . .     SeeInvis .   i - +2 dagger (venom)
rCold    + . .     Gourm    .   c - +3 buckler (curse)
rNeg     + . .     Faith    .   v - +4 ring mail of the Swamp {rF+ Str+3 Int-3} (curse)
rPois    +         Spirit   .   (helmet restricted)
rElec    .         Reflect  .   o - +0 cloak (curse)
rCorr    .         Harm     .   L - +0 pair of gloves of Gehenna {rPois rF- rC+ rN+}
MR       .....                  (no boots)
Stlth    ++++++++..             k - amulet of rage
HPRegen  0.25/turn              j - ring of magical power
MPRegen  0.20/turn              (no ring)

@: about to teleport
A: horns 2, thin skeletal structure 2, nightstalker 3, poison resistance, spiny
2, augmentation 1
a: Curse Item, Scrying, Renounce Religion, Evoke Berserk Rage


You were in an ice cave.
You worshipped Ashenzari.
Ashenzari was pleased with you.
You were not hungry.

You visited 2 branches of the dungeon, and saw 14 of its levels.
You also visited: Sewer, Gauntlet and Ice Cave.

You collected 768 gold pieces.
You spent 98 gold pieces at shops.

Inventory:

Hand Weapons
 a - a +0 long sword
 i - a +2 dagger of venom (weapon)
 M - a +1 long sword of protection
Missiles
 b - 8 tomahawks (quivered)
 d - a throwing net
 s - 13 javelins
Armour
 c - a cursed +3 buckler (worn)
 g - a +0 chain mail
 h - a +0 pair of gloves
 l - a +0 ring mail
 o - a cursed +0 cloak (worn)
 p - a +0 shield
 t - a scarf of resistance
 v - the cursed +4 ring mail of the Swamp (worn) {rF+ Str+3 Int-3}
   (You found it on level 10 of the Dungeon)

   It affects your strength (+3).
   It affects your intelligence (-3).
   It protects you from fire.
   It has a curse placed upon it.
 E - a +0 troll leather armour
 L - the +0 pair of gloves of Gehenna (worn) {rPois rF- rC+ rN+}
   (You found it in a Gauntlet)

   It makes you vulnerable to fire.
   It protects you from cold.
   It protects you from poison.
   It protects you from negative energy.
Jewellery
 j - a ring of magical power (left hand)
 k - an amulet of rage (around neck)
 B - an uncursed amulet of the gourmand
 F - an uncursed ring of magical power
Wands
 x - a wand of digging (5)
 y - a wand of disintegration (8)
 D - a wand of enslavement (6)
 G - a wand of random effects (9)
 H - a wand of paralysis (6)
 I - a wand of flame (15)
 K - a wand of polymorph (9)
Scrolls
 m - 2 scrolls of fear
 q - 3 scrolls of fog
 u - 9 scrolls of teleportation
 J - a scroll of immolation {unknown}
Potions
 e - 2 potions of flight
 n - 4 potions of mutation
 r - 2 potions of magic
 z - a potion of brilliance {unknown}
 C - a potion of curing
Miscellaneous
 w - a lamp of fire
Comestibles
 f - 13 rations


   Skills:
 - Level 7.5 Fighting
 - Level 6.1 Long Blades
 - Level 1.7 Throwing
 - Level 7.8 Armour
 - Level 8.4 Dodging
 + Level 8.6 Stealth
 - Level 5.1(6.5) Shields
 - Level 7.7 Evocations


You had 11 spell levels left.
You didn't know any spells.
Your spell library contained the following spells:

 Spells                   Type           Power        Failure   Level  Hunger
 Confusing Touch          Hex            #.....       52%         1    ##.....
 Flame Tongue             Conj/Fire      #....        52%         1    ##.....
 Throw Flame              Conj/Fire      #.....       65%         2    ###....
 Throw Frost              Conj/Ice       #.....       65%         2    ###....
 Confuse                  Hex            #.......     87%         3    ####...
 Gell's Gravitas          Tloc           #.........   87%         3    ####...
 Static Discharge         Conj/Air       #.......     87%         3    ####...
 Petrify                  Tmut/Erth      #.......     99%         4    #####..
 Metabolic Englaciation   Hex/Ice        #.........   100%        5    ######.
 Yara's Violent Unravell  Hex/Tmut       #.........   100%        5    ######.
 Freezing Cloud           Conj/Ice/Air   #.........   100%        6    #######


Dungeon Overview and Level Annotations

Branches:
Dungeon (13/15)            Temple (1/1) D:5            Lair (0/6) D:11
    Orc (0/2) D:9
 Vaults: D:13-14

Altars:
Ashenzari
Cheibriados
Dithmenos
Fedhas
Gozag
Hepliaklqana
Kikubaaqudgha
Makhleb
Okawaru
Qazlal
Ru
Sif Muna
Trog
Uskayaw
Vehumet
Wu Jian
Xom
Yredelemnul
Zin
The Shining One

Shops:
D:4 ?=   D:6 %   D:8 (

Annotations:
D:5 2 transporters, exclusions: 2 ice beasts, slave and 2 more exclusions, Pikel
D:8 exclusions: door and wight
D:9 exclusion: 3 ice devils
D:12 exclusions: deep elf mage, ugly thing and vampire


Innate Abilities, Weirdness & Mutations

You have a pair of horns on your head.
You have a moderately thin skeletal structure. (Dex +4, Stealth+)
You are completely attuned to the shadows.
You are mostly covered in sharp spines.
Your magical and physical power is slightly enhanced at high health.
Your system is resistant to poisons. (rPois)


Message History

You are engulfed in freezing vapours.
You resist.
You are engulfed in freezing vapours.
You resist.
* * * LOW HITPOINT WARNING * * *
You are engulfed in freezing vapours.
You resist.
* * * LOW HITPOINT WARNING * * *
A reaper comes into view. It is wielding a +2 scythe of freezing.
You are engulfed in freezing vapours.
You resist.
* * * LOW HITPOINT WARNING * * *
You feel better.
You are engulfed in freezing vapours.
You resist.
* * * LOW HITPOINT WARNING * * *
Okay, then.
You are engulfed in freezing vapours.
You resist.
* * * LOW HITPOINT WARNING * * *
As you read the scroll of teleportation, it crumbles to dust.
You feel strangely unstable.
You are engulfed in freezing vapours.
You resist.
* * * LOW HITPOINT WARNING * * *
The reaper is engulfed in freezing vapours.
The reaper misses you.
You are engulfed in freezing vapours.
You resist.
You die...

##...### ≈
####........
###§§§######≈
≈###......
##§§§§§.°##
≈###.#..
#§§§§§§°... *
####. *
§§§§§§.§.##. , #.
.§§☼§####..## *##
*,,.....#☼.☼☼☼§§☼
, , ≈*# ,
##§§§§§§##* ≈≈##
,,.##☼§§@○○## ,,
≈ ##. °.○§§§#°.§§
≈ #.. ,
,###§§#..## ** ≈
#.. , #.§.§2#....
**≈ ##.
#§§☼○.#....,,*≈≈≈
##. ###.○....# ,
≈ ##..
*###.....*** *
≈≈*#... , ###.##
* ≈ #... *,, , ..
, ≈ ##..


You could see a reaper.

Vanquished Creatures
  A minotaur (Gauntlet)
  A yaktaur captain (D:11)
  A two-headed ogre (D:10)
  A wretched star (Gauntlet)
  An unseen horror (D:12)
  An ugly thing (D:11)
  2 ice statues (IceCv)
  A centaur skeleton (D:12)
  2 kobold demonologists (D:11)
  7 ice devils
  A troll (D:10)
  2 hornets
  A harpy skeleton (D:10)
  2 hippogriffs
  15 yaks
  2 wyverns
  2 wraiths (D:10)
  A hog (D:8)
  A neqoxec (Gauntlet)
  A human (D:8)
  A hungry ghost (D:8)
  Edmund (D:5)
  3 porcupines (D:11)
  4 orc warriors
  A sky beast (D:10)
  A swamp drake (D:9)
  3 ice beasts (D:10)
  3 phantoms
  2 wolves (D:10)
  3 black bears
  2 ogres (D:11)
  10 centaurs
  A crocodile (D:12)
  3 big kobolds
  2 bullfrogs
  A gnoll sergeant (D:5)
  2 scorpions
  4 killer bees (D:10)
  3 wights (D:8)
  2 electric eels (D:10)
  4 crimson imps
  4 howler monkeys
  4 jellies
  A bullfrog zombie (D:10)
  7 hounds
  7 orc priests
  2 bullfrog skeletons
  7 orc wizards
  4 worker ants
  A hound zombie (D:9)
  A hound skeleton (D:10)
  A killer bee simulacrum (D:10)
  5 gnolls (D:5)
  13 adders
  4 shadow imps
  7 white imps
  10 ufetubi
  2 adder skeletons
  An adder zombie (D:8)
  3 worms
  2 dart slugs
  5 leopard geckos
  41 orcs
  2 bats (D:3)
  2 giant cockroaches
  10 goblins
  5 hobgoblins
  10 jackals
  5 quokkas
  4 ball pythons
  13 frilled lizards
  13 kobolds
  A leopard gecko skeleton (D:6)
  A quokka skeleton (D:6)
  5 rats
  A fungus (D:3)
306 creatures vanquished.

Vanquished Creatures (others)
  A small abomination (Gauntlet)
  2 white imps (IceCv)
  4 ufetubi (IceCv)
  3 fungi
  3 toadstools (D:3)
13 creatures vanquished.

Grand Total: 319 creatures vanquished

Notes
Turn   | Place    | Note
-------+----------+-------------------------------------------
     0 | D:1      | Syader the Demonspawn Gladiator began the quest for the
                  | Orb.
     0 | D:1      | Reached XP level 1. HP: 16/16 MP: 1/1
   169 | D:1      | Gained mutation: You have a pair of small horns on your
                  | head. [demonic ancestry]
   169 | D:1      | Reached XP level 2. HP: 22/22 MP: 2/2
   589 | D:1      | Reached skill level 1 in Shields
   925 | D:2      | Found an iron altar of Okawaru.
  1281 | D:2      | Gained mutation: You are slightly more attuned to the
                  | shadows. [demonic ancestry]
  1281 | D:2      | Reached XP level 3. HP: 24/27 MP: 3/3
  1660 | D:3      | Gained mutation: You are partially covered in sharp spines.
                  | [demonic ancestry]
  1660 | D:3      | Reached XP level 4. HP: 22/33 MP: 4/4
  2137 | D:4      | Found Xigeori's Magic Scroll Emporium.
  2145 | D:4      | Bought a scroll of identify for 22 gold pieces
  2145 | D:4      | Bought a scroll of magic mapping for 38 gold pieces
  2145 | D:4      | Bought a scroll of fear for 38 gold pieces
  2444 | D:4      | Gained mutation: You are significantly more attuned to the
                  | shadows. [demonic ancestry]
  2444 | D:4      | Reached XP level 5. HP: 38/38 MP: 5/5
  2904 | D:4      | Found Owoev's Jewellery Shoppe.
  3237 | D:4      | You fall through a shaft for 3 floors!
  3240 | D:7      | Noticed an orc warrior
  3315 | D:6      | Reached skill level 5 in Shields
  3315 | D:6      | Gained mutation: You are completely attuned to the shadows.
                  | [demonic ancestry]
  3315 | D:6      | Reached XP level 6. HP: 41/44 MP: 6/6
  3391 | D:5      | Entered Level 5 of the Dungeon
  3420 | D:5      | Found a glowing drain.
  3448 | Sewer    | Entered a sewer
  3830 | D:5      | Noticed a slave
  3993 | D:5      | Found a staircase to the Ecumenical Temple.
  4001 | Temple   | Entered the Ecumenical Temple
  4105 | Temple   | Became a worshipper of Ashenzari the Shackled
  4159 | D:5      | Reached skill level 1 in Stealth
  4170 | D:5      | Noticed Edmund
  4280 | D:5      | Killed Edmund
  4280 | D:5      | Reached XP level 7. HP: 51/52 MP: 7/7
  4375 | D:5      | Found a transporter.
  4428 | D:5      | Found a transporter.
  4471 | D:5      | Found an opulent altar of Gozag.
  5173 | D:5      | Noticed Pikel
  5975 | D:6      | Found Jihum's Food Shoppe.
  6244 | D:7      | Reached * piety under Ashenzari
  6290 | D:7      | Noticed a red ugly thing
  6315 | D:6      | Noticed a rust devil
  6315 | D:6      | Noticed a rust devil
  6479 | D:8      | Gained mutation: You have a somewhat thin skeletal
                  | structure. (Dex +2, Stealth) [demonic ancestry]
  6479 | D:8      | Reached XP level 8. HP: 57/61 MP: 8/8
  6511 | D:8      | Reached skill level 5 in Long Blades
  6577 | D:8      | Reached skill level 5 in Fighting
  6868 | D:8      | Found Xushryvu's Weapon Shop.
  7008 | D:8      | Reached skill level 5 in Stealth
  7211 | D:9      | Noticed a two-headed ogre
  7342 | D:9      | Gained mutation: You are mostly covered in sharp spines.
                  | [demonic ancestry]
  7342 | D:9      | Reached XP level 9. HP: 39/69 MP: 9/9
  7498 | D:9      | Noticed a troll
  7630 | D:9      | Noticed an ice devil
  7631 | D:9      | Noticed an ice devil
  7900 | D:9      | Reached skill level 1 in Armour
  7928 | D:9      | Noticed an ice devil
  8226 | D:9      | Found a staircase to the Orcish Mines.
  8923 | D:10     | Entered Level 10 of the Dungeon
  8926 | D:10     | Got the uncursed ring mail of the Swamp {rF+ Str+3 Int-3}
  8948 | D:10     | Reached skill level 1 in Evocations
  9011 | D:10     | Reached skill level 5 in Dodging
  9028 | D:10     | Noticed a troll
  9267 | D:10     | Identified the +4 ring mail of the Swamp {rF+ Str+3 Int-3}
                  | (You found it on level 10 of the Dungeon)
  9298 | D:10     | Gained mutation: You have a moderately thin skeletal
                  | structure. (Dex +4, Stealth+) [demonic ancestry]
  9298 | D:10     | Reached XP level 10. HP: 50/76 MP: 12/12
  9885 | D:10     | Noticed a two-headed ogre
  9900 | D:10     | Killed a two-headed ogre
  9900 | D:10     | Reached skill level 5 in Armour
 10020 | D:10     | Reached skill level 5 in Evocations
 10998 | D:10     | Gained mutation: You have a pair of horns on your head.
                  | [demonic ancestry]
 10998 | D:10     | Reached XP level 11. HP: 76/81 MP: 15/15
 11504 | D:11     | Found a glowing silver altar of Zin.
 11537 | D:11     | Noticed a soul eater
 11935 | D:11     | Noticed a yaktaur captain
 11955 | D:11     | Noticed a red ugly thing
 11967 | D:11     | Killed a red ugly thing
 11994 | D:11     | Killed a yaktaur captain
 12505 | D:11     | Found a staircase to the Lair.
 12637 | D:12     | Paralysed by a hornet for 2 turns
 12891 | D:12     | Killed an unseen horror
 13041 | D:12     | Noticed a deep elf mage
 13180 | D:12     | Noticed a brown ugly thing
 13616 | D:13     | Reached ** piety under Ashenzari
 13622 | D:13     | Found a gate leading to a gauntlet.
 13628 | Gauntlet | Entered a Gauntlet
 13628 | Gauntlet | Found a transporter.
 13647 | Gauntlet | Found a transporter.
 13652 | Gauntlet | Noticed a wretched star
 13653 | Gauntlet | Found a transporter.
 13655 | Gauntlet | Gained mutation: Your system is resistant to poisons.
                  | (rPois) [a neqoxec]
 13663 | Gauntlet | Killed a wretched star
 13667 | Gauntlet | Found a transporter.
 13669 | Gauntlet | Got the uncursed pair of gloves of Gehenna {rPois rF- rC+
                  | rN+}
 13682 | Gauntlet | Noticed an orange crystal statue
 13690 | Gauntlet | Found a transporter.
 13711 | Gauntlet | Noticed a minotaur
 13737 | Gauntlet | Killed a minotaur
 13753 | Gauntlet | Identified the Compendium of Arcane Weapons and Cold
 13754 | Gauntlet | Identified the +0 robe "Vuurra" {Dex+6 Slay+5}
 13773 | D:13     | Noticed a white ugly thing
 13802 | D:13     | Found a frozen archway.
 13812 | IceCv    | Entered an ice cave
 13823 | IceCv    | Identified the +0 pair of gloves of Gehenna {rPois rF- rC+
                  | rN+} (You found it in a Gauntlet)
 14324 | IceCv    | Gained mutation: Your magical and physical power is
                  | slightly enhanced at high health. [demonic ancestry]
 14324 | IceCv    | Reached XP level 12. HP: 80/91 MP: 17/17
 15206 | IceCv    | Noticed a reaper
 15210 | IceCv    | HP: 3/91 [something (7)]
 15212 | IceCv    | Engulfed by a cloud of freezing vapour

Levels and vault maps discovered:
D:1:      lemuel_arrival_river_ford, layout_basic
D:2:      layout_basic, okawaru_gym_becter, minmay_tromino_i2
D:3:      layout_rooms, minmay_gold_behind_fungi
D:4:      layout_cave_pods, first_ration, serial_shops, shop_statue,
          kennysheep_mini
D:5:      gammafunk_cloud_chamber, layout_basic, minmay_temple_entry_grid,
          cheibrodos_sewer_entry_sluice, grunt_gozag_statues, uniq_pikel,
          uniq_edmund
D:6:      cheibrodos_iron_armory, layout_rooms, serial_shops,
          nicolae_shop_waterfront
D:7:      layout_cave_pools
D:8:      layout_basic, serial_shops, shop, grunt_livestock, minmay_crossroads
D:9:      cheibrodos_frozen_isle, layout_irregular_city, erik_orc_1
D:10:     layout_rooms, serial_ice, serial_ice_j, serial_ice_f, serial_ice_h,
          serial_ice_o, serial_ice_e, serial_ice_a, serial_ice_c
D:11:     layout_basic, grunt_lair_entry_orc_guard_hut, basic_altar,
          chequers_serial_rivers_room_b, wad_dig_loot
D:12:     layout_loops_ring, kennysheep_crisscross
D:13:     layout_small_grid, david_vaults_4, gauntlet_entry_generic,
          portal_ice_cave_demonic_guard
Temple:   regret_index_temple_sigil_plot
Sewer:    sewer_co_cracked_pipes
IceCv:    ice_cave_small_demon
Gauntlet: minmay_gauntlet_mixed_oops_all_seconds
          [minmay_gauntlet_arena_77_block_sizes,
          nicolae_gauntlet_arena_quarters,
          minmay_gauntlet_arena_77_chump_sandwich,
          gammafunk_gauntlet_arena_crates,
          minmay_gauntlet_arena_77_hold_the_fort,
          minmay_gauntlet_arena_make_your_own_arena, gauntlet_exit_green]

Skill      XL: |  1  2  3  4  5  6  7  8  9 10 11 12 |
---------------+-------------------------------------+-----
Shields        | 2 3 5 |  5.1
Long Blades    | 3 4 6 |  6.1
Stealth        | 2 3 5 7 8 |  8.6
Fighting       | 3 4 6 7 |  7.5
Armour         | 4 6 7 |  7.8
Dodging        | 5 7 8 |  8.4
Evocations     | 3 6 7 |  7.7
Throwing       | |  1.7

Action                   |  1- 3 |  4- 6 |  7- 9 | 10-12 || total
-------------------------+-------+-------+-------+-------++-------
Melee: Long sword        |    93 |   100 |   210 |   322 ||   725
       Headbutt          |    12 |    17 |    48 |   154 ||   231
       Dagger            |       |     1 |    12 |    75 ||    88
Throw: Throwing net      |     4 |     4 |     2 |       ||    10
       Tomahawk          |       |       |       |     5 ||     5
Invok: Scrying           |       |       |     3 |     1 ||     4
       Curse Item        |       |       |     1 |     1 ||     2
 Abil: Evoke Berserk Rag |       |       |     2 |     2 ||     4
Evoke: Wand              |       |     6 |     2 |     9 ||    17
       Lamp of fire      |       |       |     1 |     1 ||     2
  Use: Scroll            |     1 |     8 |     3 |     9 ||    21
       Potion            |       |     1 |       |     6 ||     7
 Stab: Sleeping          |       |    10 |    24 |    25 ||    59
       Held in net/web   |       |     1 |     2 |       ||     3
       Distracted        |       |       |     6 |     5 ||    11
  Eat: Chunk             |     2 |     8 |     8 |    10 ||    28
       Ration            |       |     1 |     2 |     4 ||     7
Armor: Leather armour    |    10 |       |       |       ||    10
       Ring mail         |    17 |    29 |    50 |   102 ||   198
Dodge: Dodged            |    45 |    51 |    84 |   236 ||   416
Block: Buckler           |     9 |    21 |    55 |   142 ||   227
       Rpst.: Long sword |    12 |    15 |    28 |    62 ||   117

Table legend:
 A = Non-vault XP
 B = Vault XP
 C = Vault XP percentage of total XP
 D = Non-vault monster count
 E = Vault monster count
 F = Vault count percentage of total count
                 A         B        C        D         E       F
            +---------+---------+-------+---------+---------+-------
      Total |   13599 |   10487 |  43.5 |     220 |      86 |  28.1
            +---------+---------+-------+---------+---------+-------
        D:1 |      26 |       0 |   0.0 |      14 |       0 |   0.0
        D:2 |      25 |       2 |   7.4 |       8 |       1 |  11.1
        D:3 |      69 |       0 |   0.0 |      21 |       0 |   0.0
        D:4 |     184 |       0 |   0.0 |      17 |       0 |   0.0
        D:5 |     337 |     172 |  33.8 |      18 |       3 |  14.3
        D:6 |     509 |       0 |   0.0 |      16 |       0 |   0.0
        D:7 |      50 |       0 |   0.0 |       1 |       0 |   0.0
        D:8 |     604 |     517 |  46.1 |       9 |       4 |  30.8
        D:9 |     994 |     591 |  37.3 |      33 |      17 |  34.0
       D:10 |    5730 |    1401 |  19.6 |      51 |      16 |  23.9
       D:11 |    2221 |    2166 |  49.4 |      15 |       9 |  37.5
       D:12 |    2850 |       0 |   0.0 |      17 |       0 |   0.0
       D:13 |       0 |     325 | 100.0 |       0 |       1 | 100.0
      Sewer |       0 |      27 | 100.0 |       0 |      13 | 100.0
      IceCv |       0 |    3028 | 100.0 |       0 |      18 | 100.0
   Gauntlet |       0 |    2258 | 100.0 |       0 |       4 | 100.0
            +---------+---------+-------+---------+---------+-------
